cohdb
Replays
Latest Replays
All Replays
Popular Replays
Top Player Replays
Match Explorer
How It Works
Community
CoH3 Stats
Reddit
Sign in to upload your games and track your stats! →
Sign in with Steam
Match 38191157
Unlisted
Match 38191157
Overview
Messages
Build Orders
End
Pioneer Squad
Construct Infanterie Kompanie
Grenadier Squad
MG 42 Machine Gun Team
Grenadier Squad
Construct Panzergrenadier Kompanie
Construct Luftwaffe Kompanie
Selects Breakthrough Battlegroup
Selects 2.5-tonne Cargo Truck
Jäger Squad
Selects Assault Grenadiers
Medical Bunker
Jäger Squad
Support Elements
Wirbelwind Flakpanzer
Panzergrenadier Squad
Pioneer Squad
Jäger Squad
Selects Blitzkrieg
2.5-tonne Cargo Truck
Selects Smoke Bombing Run
Selects Incendiary Bombing Run
MG 42 Bunker
LEV-Detahaven
Tenshi
^3
DIV 250 BigBoss
0
0
Comments
sign in to comment!
No comments posted yet!